 Dungeon Sprint DCSS version 0.16-a0-4092-gb8933cd (console) character file.

14 Monkaria the Chopper (level 2, -3/28 HPs)
             Began as a Deep Dwarf Fighter on Feb 24, 2015.
             Was a Follower of Makhleb.
             Killed from afar by a white imp (10 damage)
             ... with a puff of frost
             ... in the Dungeon (Sprint V: "Ziggurat Sprint").
             The game lasted 00:03:03 (195 turns).

Monkaria the Chopper (Deep Dwarf Fighter)            Turns: 195, Time: 00:03:03

Health: -3/28      AC:  6    Str: 19      XL:     2   Next: 27%
Magic:  2/2        EV:  7    Int:  8      God:    Makhleb [*.....]
Gold:   0          SH:  9    Dex:  9 (12) Spells: 0 memorised, 1 level left

rFire  . . .     SeeInvis .     a - +0 war axe
rCold  . . .     Clarity  .     b - +0 scale mail
rNeg   . . .     SustAb   .     c - +0 shield
rPois  .         Gourm    .     (no helmet)
rElec  .         Spirit   .     (no cloak)
rCorr  .         Warding  .     (no gloves)
rMut   .         NoTele   +     (no boots)
MR     .....                    (no amulet)
Stlth  ..........               (no ring)
                                (no ring)

@: non-regenerating, not resistant to hostile enchantments, extremely unstealthy
A: damage resistance, recharge devices, sense surroundings 1, slow healing 3
a: Device Recharging, Renounce Religion


You were in the Dungeon.
You worshipped Makhleb.
Makhleb was aware of your devotion.
You were not hungry.

You visited 1 branch

Inventory:

Hand weapons
 a - a +0 war axe (weapon)
 O - the +15 heavy crossbow "Sniper" {velocity, SInv}
   (You found it in the Dungeon)

   Any bolt fired from it inflicts extra damage.
   It enhances your eyesight.
 P - the cursed +14 obsidian axe {chop, +Fly Str+3 SInv Curse}
   (You found it in the Dungeon)

   It inflicts extra damage upon your enemies.
   It affects your strength (+3).
   It enhances your eyesight.
   It lets you fly.
   It may recurse itself when equipped.
   It has a curse placed upon it.
 R - the +7 Singing Sword
   (You found it in the Dungeon)
 S - the cursed +9 Sword of Zonguldrok {reap, Curse}
   (You found it in the Dungeon)

   If a monster killed with it leaves a corpse in good enough shape, the corpse
   will be animated as a zombie friendly to the killer.
   It may recurse itself when equipped.
   It has a curse placed upon it.
 T - the +7 great mace "Firestarter" {flame, inner flame, rF++}
   (You found it in the Dungeon)

   It has been specially enchanted to burn those struck by it, causing extra
   injury to most foes and up to half again as much damage against particularly
   susceptible opponents.
   It greatly protects you from fire.
 U - the +14 plutonium sword {Contam Stlth-}
   (You found it in the Dungeon)

   It causes magical contamination when unequipped.
   It makes you less stealthy.
 V - a +5 executioner's axe
Missiles
 W - 1000 bolts
Armour
 b - a +0 scale mail (worn)
 c - a +0 shield (worn)
 m - a +5 crystal plate armour
 n - a +5 gold dragon armour
 Q - the cursed +15 Maxwell's patent armour {-Cast -Tele rElec MR+ rCorr}
   (You found it in the Dungeon)

   It insulates you from electricity.
   It affects your resistance to hostile enchantments.
   It prevents spellcasting.
   It prevents most forms of teleportation.
   It protects you from acid and corrosion.
   It has a curse placed upon it.
Jewellery
 D - a +6 ring of dexterity
 E - a +6 ring of dexterity
 F - a +6 ring of intelligence
 G - a +6 ring of intelligence
 H - a +6 ring of strength
 I - a +6 ring of strength
 J - an uncursed ring of flight
Magical devices
 d - a wand of heal wounds (5)
 K - a wand of disintegration (7)
 L - a wand of fire (5)
 M - a wand of cold (5)
 N - a wand of draining (5)
Scrolls
 l - 4 scrolls of blinking
 u - 4 scrolls of amnesia
 v - 3 scrolls of recharging
 w - 7 scrolls of fog
 x - a scroll of holy word
 y - 5 scrolls of identify
 z - 5 scrolls of remove curse
 A - 2 scrolls of fear
Potions
 e - 6 potions of might
 g - 10 potions of curing
 h - 10 potions of heal wounds
 i - 6 potions of haste
 j - 7 potions of magic
 k - 3 potions of berserk rage
 o - 2 potions of brilliance
 p - 2 potions of invisibility
 q - 2 potions of restore abilities
 r - 4 potions of resistance
 s - a potion of experience
 t - 5 potions of agility
Comestibles
 f - 5 bread rations
 B - 42 fruits
 C - 4 meat rations


   Skills:
 + Level 3.6 Fighting
 * Level 4.8 Axes
 - Level 3.2 Armour
 - Level 3.2 Shields


You had one spell level left.
You didn't know any spells.

Dungeon Overview and Level Annotations

Branches:
Dungeon (1/1)

Altars:
Ashenzari
Cheibriados
Dithmenos
Elyvilon
Fedhas
Gozag
Kikubaaqudgha
Makhleb
Nemelex Xobeh
Okawaru
Qazlal
Ru
Sif Muna
Trog
Vehumet
Xom
Yredelemnul
Zin
The Shining One
Beogh
Jiyva
Lugonu


Innate Abilities, Weirdness & Mutations

You are resistant to damage.
You can recharge devices by infusing magical energy.
You passively map a small area around you.
You do not heal naturally.


Message History

The quasit is severely wounded.
You hit the quasit.
The quasit is almost dead.
You barely miss the white imp.
The white imp is almost dead.
You block the quasit's attack. The quasit barely misses you.
You block the quasit's attack. The quasit barely misses you.
The quasit barely misses you. You block the quasit's attack.
You block the white imp's attack.
The quasit bites you but does no damage.
The quasit claws you.
* * * LOW HITPOINT WARNING * * *
The quasit claws you but does no damage.
The quasit bites you but does no damage.
The quasit barely misses you.
The quasit claws you but does no damage.
The white imp shouts, "Decamp, thou odious pelf-dandling nightsoil!"
The white imp gestures at you. The puff of frost hits you!
You die...

* **
▓▓▓▓▓▓▓▓▓▓▓▓▓
▓.8©8.▓.8©8.▓
,
▓.)=:.▓.....▓
*
▓.....▓.|.).▓
* ,,
▓.555.▓.....▓
,
▓..@..▓.....▓
▓.....▓.....▓
▓.....▓▓▓▓▓▓▓
▓▓▓▓▓▓▓ *** ,
, , , , ,,*,
,, , * * ,,
,, ,, , ,* ,
,


You could see 2 quasits and a white imp.

Vanquished Creatures
  2 giant mites (D)
2 creatures vanquished.

Notes
Turn   | Place    | Note
--------------------------------------------------------------
     0 | D        | Monkaria, the Deep Dwarf Fighter, began the quest for the Orb.
     0 | D        | Reached XP level 1. HP: 20/20 MP: 1/1
     0 | D        | Found a basalt altar of Yredelemnul.
     0 | D        | Found an iron altar of Okawaru.
     3 | D        | Found a radiant altar of Vehumet.
     3 | D        | Found a shimmering altar of Xom.
     5 | D        | Found a corrupted altar of Lugonu.
     5 | D        | Found a burning altar of Makhleb.
     6 | D        | Found a viscous altar of Jiyva.
     6 | D        | Found a white marble altar of Elyvilon.
     8 | D        | Found a sparkling altar of Nemelex Xobeh.
     8 | D        | Found a deep blue altar of Sif Muna.
    12 | D        | Found a bloodstained altar of Trog.
    61 | D        | Became a worshipper of Makhleb the Destroyer
    65 | D        | Entered arena 1.
    69 | D        | Reached skill level 4 in Axes
    74 | D        | Acquired Makhleb's first power
    74 | D        | Reached XP level 2. HP: 24/28 MP: 2/2
   182 | D        | Entered arena 2.
   182 | D        | Noticed a quasit
   182 | D        | Noticed a quasit
   195 | D        | Killed from afar by a white imp

Action                   || total
-------------------------++-------
Melee: War axe           ||    19
